 Dungeon Crawl Stone Soup version 0.29.1-12-g30fa7ad0bf (webtiles) character file.

Game seed: 17304374100540900576

47 hawla the Chiller (level 4, 0/32 (33) HPs)
             Began as a Meteoran Ice Elementalist on Dec 15, 2022.
             Slain by a gnoll sergeant
             ... wielding a +0 spear
              (5 damage)
             ... on level 6 of the Dungeon.
             The game lasted 00:01:41 (421 turns).

hawla the Chiller (Meteoran Ice Elementalist)        Turns: 421, Time: 00:01:41

HP:   0/32 (33)     AC:  3    Str:  9    XL:     4   Next: 17%
MP:   1/9           EV: 12    Int: 18    God:
Gold: 50            SH:  5    Dex: 15    Spells: 8/9 levels left

rFire   + . .      SeeInvis .   (no weapon)
rCold   + . .      Faith    .   (no shield)
rNeg    . . .      Spirit   .   a - +1 robe
rPois   +          Reflect  +   (no helmet)
rElec   +          Harm     .   (no cloak)
rCorr   +          Rampage  .   (no gloves)
Will    .....                   (no boots)
Stlth   +.........              f - amulet of reflection
HPRegen 0.10/turn               (no ring)
MPRegen 0.11/turn               (no ring)

@: resistant, glowing, lightly drained
A: sense surroundings 1, otherworldly, glowing, explore regen
a: no special abilities


You were on level 6 of the Dungeon.
You visited 1 branch of the dungeon, and saw 5 of its levels.

You collected 50 gold pieces.

Inventory:

Armour
 a - a +1 robe (worn)
Jewellery
 f - an amulet of reflection (around neck)
Scrolls
 e - a scroll of identify
Potions
 b - a potion of magic
 d - a potion of curing


   Skills:
 + Level 2.6 Dodging
 - Level 1.4 Stealth
 + Level 3.2 Spellcasting
 + Level 5.5 Ice Magic


You had 8 spell levels left.
You knew the following spells:

 Your Spells              Type           Power      Damage    Failure   Level
a - Freeze                Ice            88%        1d10      1%          1

Your spell library contained the following spells:

 Spells                   Type           Power      Damage    Failure   Level
 Frozen Ramparts          Ice            44%        1d7       4%          3
 Ozocubu's Armour         Ice            22%        N/A       4%          3
 Hailstorm                Conj/Ice       12%        3d5       45%         4
 Summon Forest            Summ/Tloc      1%         N/A       99%         5
 Eringya's Noxious Bog    Tmut/Pois      1%         N/A       100%        6
 Summon Hydra             Summ           1%         N/A       100%        7


Dungeon Overview and Level Annotations

Branches:
Dungeon (4/15) Zot: 2578
 Temple: D:4-7

Altars:
Wu Jian

Annotations:
D:6 Edmund, Grinder


Innate Abilities, Weirdness & Mutations

You passively map a small area around you.
You are easily found by Zot.
You glow in the dark.
You regain HP and MP as you explore.


Message History

Confirm with . or Enter, or press ? or * to list all spells.
Aiming: Freeze (safe; 1% risk of failure)
Press: ? - help, Shift-Dir - straight line, f/p - ogre
Aim: an ogre, wielding a +0 giant spiked club (lightly wounded)
You freeze the ogre!
The ogre is moderately wounded.
Unknown command.
Casting: Freeze (safe; 1% risk of failure)
Confirm with . or Enter, or press ? or * to list all spells.
Aiming: Freeze (safe; 1% risk of failure)
Press: ? - help, Shift-Dir - straight line, f/p - ogre
Aim: an ogre, wielding a +0 giant spiked club (moderately wounded)
You freeze the ogre.
The ogre is heavily wounded.
The howler monkey hits you but does no damage.
The ogre closely misses you. The ogre barely misses you.
The howler monkey closely misses you. Edmund attacks as you move away!
Edmund hits you with a +4 dire flail of draining!
* * * LOW HITPOINT WARNING * * *
You feel drained.
An ufetubus comes into view.
The howler monkey hoots and howls with incredible vigour!
Edmund attacks as you move away! Edmund closely misses you.
A gnoll sergeant comes into view. It is wielding a +0 spear.
The gnoll sergeant shouts!
A gnoll comes into view. It is wielding a +0 whip.
Edmund says, "People think my brother is the best.
I think he's crazy."
The howler monkey hoots and howls with incredible vigour!
Edmund barely misses you.
You hear a shout!
The howler monkey hoots and howls with incredible vigour!
A gnoll comes into view. It is wielding a +0 whip.
Edmund says, "I'm quite good with sums, too."
You hear a shout!
Grinder comes into view.
A gnoll comes into view. It is wielding a +0 flail.
The gnoll closely misses you.
The gnoll sergeant hits you from afar with a +0 spear.
You die...

* , , * ## # , *
*,.#.#,# #.#g#g#
* ##......# *
##.......# , ,
#.........# ,
#.@.......# ,
#lg5g.....# ,
#.@.......# .
#.hO......# , ..
#.........## ,...
#..........##....
#................
#........5...# *
#............#* ,


You could see Edmund, Grinder, an ogre, a gnoll sergeant, a howler monkey, an
iguana, 3 gnolls and an ufetubus.

Vanquished Creatures
  A howler monkey (D:6)
  2 bats
  A goblin (D:1)
  A hobgoblin (D:1)
  A quokka (D:1)
  2 ball pythons
  A rat (D:1)
9 creatures vanquished.

Notes
Turn   | Place    | Note
-------+----------+-------------------------------------------
     0 | D:1      | hawla the Meteoran Ice Elementalist began the quest for the
                  | Orb.
     0 | D:1      | Reached XP level 1. HP: 14/14 MP: 5/5
    64 | D:1      | Reached XP level 2. HP: 19/20 MP: 3/6
   275 | D:3      | Found an ornate altar of the Wu Jian Council.
   392 | D:4      | You fall into a shaft and drop 2 floors!
   395 | D:6      | Noticed a howler monkey
   399 | D:6      | Noticed an ogre
   405 | D:6      | Noticed Edmund
   408 | D:6      | Killed a howler monkey
   409 | D:6      | Reached skill level 5 in Ice Magic
   409 | D:6      | Reached XP level 3. HP: 7/26 MP: 3/8
   409 | D:6      | Reached XP level 4. HP: 9/33 MP: 3/9
   413 | D:6      | HP: 1/33 [Edmund/+4 dire flail of draining (9)]
   416 | D:6      | Noticed a gnoll sergeant
   421 | D:6      | Noticed Grinder
   421 | D:6      | Slain by a gnoll sergeant

Illustrated notes

Levels and vault maps discovered:
D:1:      dpeg_arrival_round_a, layout_basic, chequers_ecumenical_altar_twisty,
          minmay_tetromino_t4
D:2:      layout_basic, basic_altar, serial_bayou_crossing
D:3:      layout_basic, nicolae_wu_jian_wuxing_cycle,
          mainiacjoe_overflow_concentric_impassable
D:4:      layout_rooms, chequers_big_river, kennysheep_small_square
D:6:      layout_rooms, mainiacjoe_overflow_boulevard, enter_ossuary_3,
          uniq_edmund, uniq_maggie, uniq_grinder

Skill      XL: |  1  2 |
---------------+-------+-----
Spellcasting   | 3 |  3.2
Ice Magic      | 5 |  5.5
Dodging        | |  2.6
Stealth        | |  1.4

Action                   |  1- 3 |  4- 6 || total
-------------------------+-------+-------++-------
 Cast: Freeze            |    13 |     3 ||    16
  Use: Scroll            |     2 |       ||     2
       Potion            |     1 |       ||     1
Armor: Robe              |     1 |     1 ||     2
Dodge: Dodged            |     7 |     7 ||    14
